 Dungeon Crawl Stone Soup version 0.28-a0-728-g0181a31188 (webtiles) character file.

Game seed: 918665261897301881

1150 Johnny the Carver (level 8, 0/65 HPs)
             Began as a Human Berserker on Oct 28, 2021.
             Was a Believer of Trog.
             Slain by a gnoll (14 damage)
             ... on level 5 of the Dungeon.
             The game lasted 00:03:15 (5314 turns).

Johnny the Carver (Human Berserker)                 Turns: 5314, Time: 00:03:15

Health: 0/65       AC:  7    Str: 19    XL:     8   Next: 65%
Magic:  8/8        EV: 10    Int:  8    God:    Trog [**....]
Gold:   260        SH:  0    Dex: 13    Spells: 7/7 levels left

rFire   . . .      SeeInvis .   a - +0 falchion
rCold   + . .      Faith    +   (no shield)
rNeg    . . .      Spirit   .   j - +0 scale mail
rPois   .          Reflect  .   o - +0 helmet
rElec   .          Harm     .   (no cloak)
rCorr   .          Rampage  .   (no gloves)
Will    .....                   (no boots)
Stlth   ..........              p - amulet of faith
HPRegen 0.20/turn               q - ring of protection from cold
MPRegen 0.11/turn               (no ring)

@: on berserk cooldown, slowed, very slow
A: no striking features
a: Renounce Religion, Berserk, Trog's Hand


You were on level 5 of the Dungeon.
You worshipped Trog.
Trog was pleased with you.
You visited 2 branches of the dungeon, and saw 6 of its levels.

You collected 260 gold pieces.

Inventory:

Hand Weapons
 a - a +0 falchion (weapon)
Armour
 j - a +0 scale mail (worn)
 o - a +0 helmet (worn)
Jewellery
 p - an amulet of faith (around neck)
 q - a ring of protection from cold (left hand)
Scrolls
 b - a scroll of vulnerability {unknown}
 c - a scroll of torment {unknown}
 d - 2 scrolls of silence {unknown}
 e - a scroll of enchant armour {unknown}
 f - a scroll of enchant weapon {unknown}
 g - 5 scrolls of identify {unknown}
 h - a scroll of magic mapping {unknown}
 l - a scroll of fog {unknown}
Potions
 k - a potion of brilliance {unknown}
 m - 2 potions of magic {unknown}
 r - a potion of mutation {unknown}


   Skills:
 + Level 6.3 Fighting
 * Level 8.5 Long Blades
 - Level 2.0 Armour
 - Level 2.0 Dodging


You had 7 spell levels left.
You didn't know any spells.
Your spell library was empty.

Dungeon Overview and Level Annotations

Branches:
Dungeon (5/15)             Temple (1/1) D:4

Altars:
Zin

Shops:
D:5 =


Message History

You aren't carrying any items that you can evoke.
Unknown command.
It was a potion of curing.
You feel better. The gnoll hits you with a +0 club.
The gnoll closely misses you.
You closely miss the gnoll.
The gnoll is heavily wounded.
The gnoll hits you but does no damage. The gnoll barely misses you.
The gnoll hits you with a +0 club.
* * * LOW HITPOINT WARNING * * *
You hit the gnoll.
The gnoll is almost dead.
You feel the effects of Trog's Hand fading.
The gnoll hits you from afar with a +0 halberd!
* * * LOW HITPOINT WARNING * * *
The gnoll hits you with a +0 club.
* * * LOW HITPOINT WARNING * * *
The gnoll closely misses you. The gnoll hits you with a +0 club.
* * * LOW HITPOINT WARNING * * *
Your skin crawls.
You feel strong-willed.
The gnoll hits you from afar with a +0 halberd.
* * * LOW HITPOINT WARNING * * *
The gnoll hits you with a +0 club.
* * * LOW HITPOINT WARNING * * *
The gnoll closely misses you.
You feel better.
The gnoll hits you from afar with a +0 halberd!
* * * LOW HITPOINT WARNING * * *
The gnoll completely misses you. The gnoll hits you with a +0 club.
* * * LOW HITPOINT WARNING * * *
You see here a +0 robe.
The gnoll hits you but does no damage.
You feel the effects of Trog's Hand fading.
The gnoll hits you with a +0 club.
* * * LOW HITPOINT WARNING * * *
Your skin stops crawling.
You feel less strong-willed.
The gnoll hits you from afar with a +0 halberd!
You die...

#..)#
#........
#.###
#........
#.#
#........
#.#
#........
#.#####
+........
#.....#
#).......
#####.#
#)#######
#.# #)#
#@### #.#
#.g.# #.#
###g######.#
#...[....#
##########


You could see 2 gnolls.

Vanquished Creatures
  Grinder (D:3)
  Duvessa (D:4)
  A sky beast (D:4)
  An ogre (D:5)
  A centaur (D:5)
  2 gnoll sergeants
  Dowan (D:4)
  A water moccasin skeleton (D:5)
  2 bullfrog skeletons (D:4)
  An iguana (D:5)
  Natasha (thrice) (D:4)
  An orc wizard (D:3)
  Robin (D:4)
  2 adders (D:2)
  9 gnolls
  An ufetubus (D:5)
  A dart slug (D:5)
  4 orcs
  3 ball pythons
  A bat (D:3)
  3 endoplasms
  5 giant cockroaches
  10 goblins
  7 hobgoblins
  3 jackals (D:3)
  4 kobolds
  6 quokkas
  3 frilled lizards
  4 rats
83 creatures vanquished.

Notes
Turn   | Place    | Note
-------+----------+-------------------------------------------
     0 | D:1      | Johnny the Human Berserker began the quest for the Orb.
     0 | D:1      | Reached XP level 1. HP: 18/18 MP: 1/1
   368 | D:1      | Reached XP level 2. HP: 18/24 MP: 2/2
   886 | D:1      | Found a faded altar of an unknown god.
  1202 | D:2      | Reached XP level 3. HP: 27/29 MP: 3/3
  1693 | D:2      | Reached skill level 4 in Long Blades
  2659 | D:3      | Reached XP level 4. HP: 37/37 MP: 4/4
  2665 | D:3      | Reached ** piety under Trog
  2829 | D:3      | Noticed Grinder
  2859 | D:3      | Killed Grinder
  2860 | D:3      | Reached skill level 5 in Long Blades
  2860 | D:3      | Reached XP level 5. HP: 20/43 MP: 5/5
  2860 | D:3      | Reached XP level 6. HP: 23/49 MP: 6/6
  3283 | D:4      | Noticed Natasha
  3296 | D:4      | Killed Natasha
  3549 | D:4      | Noticed Duvessa
  3574 | D:3      | Reached skill level 6 in Long Blades
  3927 | D:4      | Noticed a sky beast
  3935 | D:4      | Killed a sky beast
  3936 | D:4      | Reached XP level 7. HP: 55/55 MP: 7/7
  4001 | D:4      | Reached skill level 5 in Fighting
  4043 | D:4      | Killed Duvessa
  4043 | D:4      | Noticed Dowan
  4048 | D:4      | Killed Dowan
  4049 | D:4      | Reached skill level 7 in Long Blades
  4132 | D:4      | Reached XP level 8. HP: 54/63 MP: 8/8
  4218 | D:4      | Noticed Natasha
  4224 | D:4      | Killed Natasha
  4288 | D:4      | Noticed Robin
  4303 | D:4      | Killed Robin
  4337 | D:4      | Noticed Natasha
  4365 | D:4      | Killed Natasha
  4685 | D:4      | Found a glowing silver altar of Zin.
  4814 | D:4      | Found a staircase to the Ecumenical Temple.
  4839 | Temple   | Entered the Ecumenical Temple
  4904 | D:5      | Entered Level 5 of the Dungeon
  5114 | D:5      | Found Dalyin's Jewellery Shoppe.
  5276 | D:5      | Reached skill level 8 in Long Blades
  5314 | D:5      | Slain by a gnoll

Illustrated notes

Levels and vault maps discovered:
D:1:      minmay_arrival_shattered_statue, layout_basic,
          ebering_ecumenical_altar_box, hangedman_decor_opposing, st_stairs_10
D:2:      layout_loops_corners
D:3:      layout_basic, uniq_grinder
D:4:      layout_rooms, nicolae_overflow_crystal_walls,
          lemuel_temple_firewalk_a, hangedman_decor_slide_cut, uniq_duvessa,
          uniq_robin, uniq_natasha
D:5:      layout_basic, marbit_many_paths, serial_shops, nicolae_square_shop,
          uniq_menkaure
Temple:   corrupted_temple

Skill      XL: |  1  2  3  4  5  6  7  8 |
---------------+-------------------------+-----
Long Blades    | 4 5 6 7 8 |  8.5
Fighting       | 4 5 6 |  6.3
Armour         | |  2.0
Dodging        | |  2.0

Action                   |  1- 3 |  4- 6 |  7- 9 || total
-------------------------+-------+-------+-------++-------
Melee: Falchion          |    97 |    66 |   154 ||   317
Invok: Berserk           |     2 |     3 |     4 ||     9
       Trog's Hand       |       |     1 |     7 ||     8
Evoke: Wand              |       |       |     7 ||     7
  Use: Potion            |       |       |     2 ||     2
Armor: Animal skin       |    15 |       |       ||    15
       Scale mail        |     3 |    20 |    45 ||    68
Dodge: Dodged            |    81 |    30 |    82 ||   193

Table legend: (Time is in decaauts)
 A = Elapsed time spent in this place.
 B = Non-inter-level travel time spent in this place.
 C = Inter-level travel time spent in this place.
 D = Time resting spent in this place.
 E = Time spent auto-exploring this place.
 F = Levels seen in this place.
 G = Mean time per level.
                   A        B        C        D        E       F      G
               +--------+--------+--------+--------+--------+-----+--------+
         Total |   5396 |   5215 |    181 |    808 |   3706 |   6 |  899.3 |
       Dungeon |   5394 |   5213 |    181 |    808 |   3706 |   5 | 1078.8 |
        Temple |      1 |      1 |      0 |      0 |      0 |   1 |    1.0 |
               +--------+--------+--------+--------+--------+-----+--------+

Top non-repeatable levels by time:
     D:3: 1430 daAuts
     D:4: 1264 daAuts
     D:1: 1159 daAuts
     D:2: 1124 daAuts
     D:5: 416 daAuts
  Temple: 1 daAuts
